 Dungeon Crawl Stone Soup version 0.23-a0-619-g281719c (webtiles) character file.

289 Azzok the Ruffian (level 6, 46/47 HPs)
             Began as a Demonspawn Fighter on Dec 22, 2018.
             Quit the game on level 3 of the Dungeon.
             The game lasted 00:04:37 (3876 turns).

Azzok the Ruffian (Demonspawn Fighter)              Turns: 3876, Time: 00:04:38

Health: 46/47      AC: 10    Str: 16    XL:     6   Next: 9%
Magic:  6/6        EV:  4    Int: 11    God:
Gold:   202        SH:  8    Dex: 13    Spells: 5/5 levels left

rFire    . . .     SeeInvis .     - Unarmed
rCold    . . .     Gourm    .   b - +0 shield
rNeg     . . .     Faith    .   q - +0 chain mail
rPois    .         Spirit   .   (helmet restricted)
rElec    .         Reflect  .   h - scarf {cloud immunity}
rCorr    .         Harm     .   g - +0 pair of gloves
MR       .....                  (no boots)
Stlth    ..........             (no amulet)
HPRegen  0.15/turn              (no ring)
MPRegen  0.10/turn              (no ring)

@: no status effects
A: horns 2, nightstalker 1, powered by death 2
a: no special abilities


You were on level 3 of the Dungeon.
You were hungry.

You visited 1 branch of the dungeon, and saw 4 of its levels.

You collected 202 gold pieces.

Inventory:

Armour
 b - a +0 shield (worn)
 g - a +0 pair of gloves (worn)
 h - a scarf of cloud immunity (worn)
 q - a +0 chain mail (worn)
Scrolls
 a - a scroll of immolation {unknown}
 e - 4 scrolls of remove curse {unknown}
 f - a scroll of fog {unknown}
 j - 2 scrolls of identify {unknown}
 k - a scroll of teleportation {unknown}
 m - 2 scrolls of magic mapping {unknown}
 s - a scroll of fear {unknown}
Potions
 c - a potion of might
 i - a potion of degeneration {unknown}
 l - a potion of experience {unknown}
 n - a potion of mutation {unknown}
 o - 2 potions of curing {unknown}
 p - a potion of ambrosia {unknown}
Comestibles
 d - 7 rations


   Skills:
 + Level 3.1 Fighting
 - Level 2.6 Armour
 + Level 2.8 Shields
 + Level 5.8 Unarmed Combat


You had 5 spell levels left.
You didn't know any spells.
Your spell library was empty.

Dungeon Overview and Level Annotations

Branches:
Dungeon (4/15)
 Temple: D:4-7

Altars:
Trog

Annotations:
D:4 3 runed doors, Ratty's ghost, amateur DENe


Innate Abilities, Weirdness & Mutations

You have a pair of horns on your head.
You are slightly more attuned to the shadows.
You regenerate health from kills.


Message History

You hit the orc wizard.
You headbutt the orc wizard, but do no damage.
The orc wizard is moderately wounded.
The orc wizard hits you but does no damage.
You block the orc wizard's attack.
Your shield and chain mail prevent you from hitting the orc wizard.
The orc wizard is moderately wounded.
The orc wizard hits you but does no damage.
You hit the orc wizard. You headbutt the orc wizard.
The orc wizard is heavily wounded.
The orc wizard hits you but does no damage.
You block the orc wizard's attack.
You punch the orc wizard!
You kill the orc wizard!
You have reached level 6!
Your experience leads to an increase in your attributes!
Increase (S)trength, (I)ntelligence, or (D)exterity?
You feel clever.
Your demonic ancestry asserts itself...
You slip into the darkness of the dungeon.
Are you sure you want to abandon this character and quit the game? (Confirm

▒·▒ ▒··▒ ▒········· ▒·▒ ▒··▒
▒········· ▒·▒
▒··▒▒▒▒▒▒········· ▒·▒
▒··▒▒············· ▒·▒
▒··▒▒····▒·▒▒▒▒▒▒▒ ▒·▒
▒··▒▒····▒·▒▒▒▒▒▒▒ ▒·▒
▒················· ▒·▒
▒··▒·····▒▒▒▒·····
▒·▒▒▒▒▒▒▒▒▒▒▒▒@··········╬·····
▒··············)▒·▒▒▒▒▒▒▒▒·····
▒▒▒▒▒▒▒▒▒▒▒▒▒▒▒▒▒·▒ ▒·····
▒·······▒·▒ ▒·▒ ▒·····
▒·▒▒▒▒▒·▒·▒ ▒·▒ ▒····· ▒·▒
▒···▒ ▒·▒ ▒····· ▒·▒ ▒▒▒·▒ ▒·▒
▒····· ▒·▒ ▒·▒ ▒·▒ ▒····· ▒·▒
▒·▒ ▒·▒ ▒▒▒▒▒▒


There were no monsters in sight!

Vanquished Creatures
  A crimson imp (D:3)
  4 orc wizards (D:3)
  5 adders
  An ooze (D:1)
  A worm (D:3)
  3 dart slugs
  5 leopard geckos
  7 orcs (D:3)
  2 bats (D:1)
  3 giant cockroaches
  10 hobgoblins
  9 jackals
  2 quokkas (D:3)
  2 ball pythons
  2 frilled lizards (D:2)
  10 goblins
  5 kobolds
  8 rats
80 creatures vanquished.

Notes
Turn   | Place    | Note
-------+----------+-------------------------------------------
     0 | D:1      | Azzok the Demonspawn Fighter began the quest for the Orb.
     0 | D:1      | Reached XP level 1. HP: 18/18 MP: 1/1
    54 | D:1      | Reached skill level 2 in Unarmed Combat
   198 | D:1      | Gained mutation: You have a pair of small horns on your
                  | head. [demonic ancestry]
   198 | D:1      | Reached XP level 2. HP: 19/24 MP: 2/2
   584 | D:1      | Reached skill level 3 in Unarmed Combat
   808 | D:1      | Gained mutation: You regenerate a little health from kills.
                  | [demonic ancestry]
   808 | D:1      | Reached XP level 3. HP: 29/29 MP: 3/3
  1689 | D:2      | Reached skill level 4 in Unarmed Combat
  1689 | D:2      | Gained mutation: You regenerate health from kills. [demonic
                  | ancestry]
  1689 | D:2      | Reached XP level 4. HP: 30/35 MP: 4/4
  2195 | D:2      | Found a bloodstained altar of Trog.
  2470 | D:3      | Gained mutation: You have a pair of horns on your head.
                  | [demonic ancestry]
  2470 | D:3      | Reached XP level 5. HP: 39/41 MP: 5/5
  2474 | D:3      | Reached skill level 5 in Unarmed Combat
  3678 | D:4      | Found a runed gate.
  3680 | D:4      | Found a runed gate.
  3681 | D:4      | Found a runed gate.
  3683 | D:4      | Noticed Ratty's ghost (amateur DENe)
  3875 | D:3      | Gained mutation: You are slightly more attuned to the
                  | shadows. [demonic ancestry]
  3875 | D:3      | Reached XP level 6. HP: 46/47 MP: 6/6
  3876 | D:3      | Quit the game

Vault maps used:
D:1:      tarquinn_simple_flora_water_e, serial_forest,
          infiniplex_forest_lined_room_, infiniplex_forest_lined_2,
          infiniplex_forest_clump_diagonal, infiniplex_forest_lined_1,
          infiniplex_forest_clump_tiny, infiniplex_forest_clump_curved,
          infiniplex_forest_clump_double, infiniplex_forest_straight_4,
          infiniplex_forest_end_2, infiniplex_forest_straight_2,
          minmay_split_cup_large
D:2:      lightli_temple_of_fire, hangedman_decor_peaks_small,
          serial_park_tiny_pond
D:4:      gammafunk_ghost_split, first_ration, serial_shops, shop,
          kennysheep_generic_room_8

Skill      XL: |  1  2  3  4  5 |
---------------+----------------+-----
Unarmed Combat | 2 3 4 5 |  5.8
Fighting       | |  3.1
Armour         | |  2.6
Shields        | |  2.8

Action                   |  1- 3 |  4- 6 || total
-------------------------+-------+-------++-------
Melee: Unarmed           |   159 |   154 ||   313
       Headbutt          |    14 |    22 ||    36
  Eat: Chunk             |     2 |     7 ||     9
Armor: Scale mail        |    57 |    35 ||    92
       Chain mail        |       |    15 ||    15
Dodge: Dodged            |    27 |    27 ||    54
Block: Shield            |    62 |    54 ||   116

Table legend:
 A = Non-vault XP
 B = Vault XP
 C = Vault XP percentage of total XP
 D = Non-vault monster count
 E = Vault monster count
 F = Vault count percentage of total count
                 A         B        C        D         E       F
            +---------+---------+-------+---------+---------+-------
      Total |     407 |       6 |   1.5 |      76 |       4 |   5.0
            +---------+---------+-------+---------+---------+-------
        D:1 |      53 |       6 |  10.2 |      24 |       4 |  14.3
        D:2 |      75 |       0 |   0.0 |      21 |       0 |   0.0
        D:3 |     279 |       0 |   0.0 |      31 |       0 |   0.0
            +---------+---------+-------+---------+---------+-------
